TOP OF THE 1ST |
Burlington Bees batting - Pitching for West Michigan Whitecaps : RHP Ricky Tercero
|
Pitching: RHP Ricky Tercero
|
|
Batting: RHB Jeff Long
|
0-0: Ball 1-0: Ball 2-0: Ball 3-0: Called Strike 3-1: Called Strike 3-2: Fly out, F3 (Popup, 23F, EV 88.8 MPH)
|
Batting: RHB Jonathan Ellis
|
0-0: Ball 1-0: Ball 2-0: Foul Ball, location: 2F 2-1: Fly out, F8 (Flyball, 78M, EV 78.8 MPH)
|
Batting: LHB Bill Kirtley
|
0-0: Called Strike 0-1: Ball 1-1: Foul Ball, location: 2F 1-2: Strikes out swinging
|
Top of the 1st over - 0 runs, 0 hits, 0 errors, 0 left on base; Burlington 0 - West Michigan 0 |
BOTTOM OF THE 1ST |
West Michigan Whitecaps batting - Pitching for Burlington Bees : RHP Dave Jackson
|
Pitching: RHP Dave Jackson
|
|
Batting: LHB Jeff Trapp
|
0-0: Ground out 6-3 (Groundball, 6M, EV 99.4 MPH)
|
Batting: RHB Aaron Cusick
|
0-0: Ball 1-0: Ground out 6-3 (Groundball, 6M, EV 77.5 MPH)
|
Batting: RHB Dan Becvar
|
0-0: Called Strike 0-1: Ball 1-1: Ball 2-1: Foul Ball, location: 2F 2-2: Ball 3-2: Base on Balls
|
Batting: RHB Bill Cabrera
|
0-0: Ball 1-0: Called Strike Dan Becvar steals 2nd base (no throw) 1-1: Foul Ball, location: 2F 1-2: Foul Ball, location: 2F 1-2: Strikes out looking
|
Bottom of the 1st over - 0 runs, 0 hits, 0 errors, 1 left on base; Burlington 0 - West Michigan 0 |
TOP OF THE 2ND |
Burlington Bees batting - Pitching for West Michigan Whitecaps : RHP Ricky Tercero
|
Batting: RHB Melvin Gomez
|
0-0: Ball 1-0: Ball 2-0: Called Strike 2-1: Foul Ball, location: 2F 2-2: Foul Ball, location: 2F 2-2: Foul Ball, location: 2F 2-2: Foul Ball, location: 2F 2-2: Foul Ball, location: 2F 2-2: Ball 3-2: Base on Balls
|
Batting: LHB Rusty Ney
|
0-0: Ball 1-0: Ball 2-0: Ball 3-0: Base on Balls Melvin Gomez to second
|
Batting: RHB Adam Noyes
|
0-0: Ball 1-0: TRIPLE (Flyball, 8LXD, EV 92.5 MPH) Melvin Gomez scores Rusty Ney scores
|
Batting: RHB Ryuji Ito
|
0-0: Called Strike 0-1: Foul Ball, location: 2F 0-2: Ball 1-2: Strikes out looking
|
Batting: SHB Tim Connell
|
0-0: Ball 1-0: Ball 2-0: Called Strike 2-1: Ball 3-1: Base on Balls
|
Batting: RHB Jason Habeck
|
0-0: Ball 1-0: Ball 2-0: Foul Ball, location: 2F 2-1: Called Strike 2-2: Strikes out swinging
|
Batting: RHB Jeff Long
|
0-0: Ball 1-0: Swinging Strike 1-1: Ball 2-1: Fly out, F4 (Popup, 34, EV 56.9 MPH)
|
Top of the 2nd over - 2 runs, 1 hit, 0 errors, 2 left on base; Burlington 2 - West Michigan 0 |
BOTTOM OF THE 2ND |
West Michigan Whitecaps batting - Pitching for Burlington Bees : RHP Dave Jackson
|
Batting: RHB Jon Pierce
|
0-0: Ball 1-0: Ball 2-0: Ball 3-0: Called Strike 3-1: Base on Balls
|
Batting: RHB Mike Patterson
|
0-0: Foul Ball, location: 2F 0-1: Foul Ball, location: 2F 0-2: Strikes out looking
|
Batting: RHB Jordan Hall
|
0-0: Called Strike 0-1: Ball 1-1: Called Strike 1-2: Grounds into double play, 6-4-3 (Groundball, 56, EV 100.0 MPH)
|
Bottom of the 2nd over - 0 runs, 0 hits, 0 errors, 0 left on base; Burlington 2 - West Michigan 0 |
TOP OF THE 3RD |
Burlington Bees batting - Pitching for West Michigan Whitecaps : RHP Ricky Tercero
|
Batting: RHB Jonathan Ellis
|
0-0: Swinging Strike 0-1: Ball 1-1: SINGLE (Groundball, 34, EV 87.5 MPH) (infield hit)
|
Batting: LHB Bill Kirtley
|
0-0: Foul Ball, location: 2F 0-1: Ball 1-1: Ball 2-1: Fielders Choice at 2nd, 3-6 (Groundball, 3, EV 91.9 MPH)
|
Batting: RHB Melvin Gomez
|
0-0: Ball 1-0: Ball 2-0: Ball 3-0: Called Strike 3-1: Base on Balls Bill Kirtley to second
|
Batting: LHB Rusty Ney
|
0-0: SINGLE (Groundball, 23, EV 69.4 MPH) (infield hit) Bill Kirtley to third Melvin Gomez to second
|
Batting: RHB Adam Noyes
|
0-0: Called Strike 0-1: Ball 1-1: Ball 2-1: Ball 3-1: Base on Balls Bill Kirtley scores Melvin Gomez to third Rusty Ney to second
|
Batting: RHB Ryuji Ito
|
0-0: Swinging Strike 0-1: Swinging Strike 0-2: Strikes out swinging
|
Batting: SHB Tim Connell
|
0-0: Called Strike 0-1: Swinging Strike 0-2: Strikes out looking
|
Top of the 3rd over - 1 run, 2 hits, 0 errors, 3 left on base; Burlington 3 - West Michigan 0 |
BOTTOM OF THE 3RD |
West Michigan Whitecaps batting - Pitching for Burlington Bees : RHP Dave Jackson
|
Batting: RHB Rocky Hart
|
0-0: Ball 1-0: Foul Ball, location: 2F 1-1: Called Strike 1-2: Ball 2-2: Ground out 5-3 (Groundball, 56, EV 99.4 MPH)
|
Batting: RHB Sergio Valbuena
|
0-0: Ball 1-0: Fly out, F9 (Flyball, 89M, EV 82.5 MPH)
|
Batting: LHB Jeff Trapp
|
0-0: Ball 1-0: Swinging Strike 1-1: Foul Ball, location: 2F 1-2: Strikes out swinging
|
Bottom of the 3rd over - 0 runs, 0 hits, 0 errors, 0 left on base; Burlington 3 - West Michigan 0 |
TOP OF THE 4TH |
Burlington Bees batting - Pitching for West Michigan Whitecaps : RHP Ricky Tercero
|
Batting: RHB Jason Habeck
|
0-0: Called Strike 0-1: Swinging Strike 0-2: Strikes out looking
|
Batting: RHB Jeff Long
|
0-0: Foul Ball, location: 2F 0-1: Fly out, F8 (Flyball, 8RM, EV 80.0 MPH)
|
Batting: RHB Jonathan Ellis
|
0-0: Foul Ball, location: 2F 0-1: Called Strike 0-2: Strikes out swinging
|
Top of the 4th over - 0 runs, 0 hits, 0 errors, 0 left on base; Burlington 3 - West Michigan 0 |
BOTTOM OF THE 4TH |
West Michigan Whitecaps batting - Pitching for Burlington Bees : RHP Dave Jackson
|
Batting: RHB Aaron Cusick
|
0-0: Ball 1-0: Called Strike 1-1: Ball 2-1: Ball 3-1: Foul Ball, location: 2F 3-2: Foul Ball, location: 2F 3-2: Fly out, F7 (Flyball, 7S, EV 83.1 MPH)
|
Batting: RHB Dan Becvar
|
0-0: Called Strike 0-1: Swinging Strike 0-2: Fly out, F8 (Flyball, 8LS, EV 84.4 MPH)
|
Batting: RHB Bill Cabrera
|
0-0: SINGLE (Groundball, 6M, EV 105.6 MPH) (infield hit)
|
Batting: RHB Jon Pierce
|
0-0: Ball Passed Ball! Bill Cabrera to second 1-0: Swinging Strike 1-1: Foul Ball, location: 2F 1-2: Ball 2-2: Ball 3-2: Ground out U3 (Groundball, 34, EV 86.9 MPH)
|
Bottom of the 4th over - 0 runs, 1 hit, 0 errors, 1 left on base; Burlington 3 - West Michigan 0 |
TOP OF THE 5TH |
Burlington Bees batting - Pitching for West Michigan Whitecaps : RHP Ricky Tercero
|
Batting: LHB Bill Kirtley
|
0-0: Ball 1-0: Foul Ball, location: 2F 1-1: Foul Ball, location: 2F 1-2: Ball 2-2: Ground out 6-3 (Groundball, P, EV 81.9 MPH)
|
Batting: RHB Melvin Gomez
|
0-0: Foul Ball, location: 2F 0-1: Fly out, F6 (Popup, P, EV 91.2 MPH)
|
Batting: LHB Rusty Ney
|
0-0: Ball 1-0: Ground out 5-3 (Groundball, 56, EV 93.1 MPH)
|
Top of the 5th over - 0 runs, 0 hits, 0 errors, 0 left on base; Burlington 3 - West Michigan 0 |
BOTTOM OF THE 5TH |
West Michigan Whitecaps batting - Pitching for Burlington Bees : RHP Dave Jackson
|
Batting: RHB Mike Patterson
|
0-0: Fly out, F4 (Popup, 4M, EV 63.8 MPH)
|
Batting: RHB Jordan Hall
|
0-0: Ball 1-0: Called Strike 1-1: Ball 2-1: Foul Ball, location: 2F 2-2: SINGLE (Flyball, 7S, EV 87.5 MPH)
|
Batting: RHB Rocky Hart
|
0-0: Called Strike 0-1: Fielders Choice at 2nd, 6-4 (Groundball, 56, EV 82.5 MPH)
|
Batting: RHB Sergio Valbuena
|
0-0: Ball Rocky Hart is caught stealing 2nd base 2-4
|
Bottom of the 5th over - 0 runs, 1 hit, 0 errors, 0 left on base; Burlington 3 - West Michigan 0 |
TOP OF THE 6TH |
Burlington Bees batting - Pitching for West Michigan Whitecaps : RHP Ricky Tercero
|
Batting: RHB Adam Noyes
|
0-0: Ball 1-0: Swinging Strike 1-1: Ground out 1-3 (Groundball, 15, EV 67.5 MPH)
|
Batting: RHB Ryuji Ito
|
0-0: Ball 1-0: Ball 2-0: Foul Ball, location: 2F 2-1: Ball 3-1: Base on Balls
|
Pitching: RHP Luke Totzke
|
|
Batting: SHB Tim Connell
|
0-0: Called Strike 0-1: Ball 1-1: Swinging Strike 1-2: Strikes out swinging
|
Batting: RHB Jason Habeck
|
0-0: Ball 1-0: Hit by Pitch Ryuji Ito to second
|
Batting: RHB Jeff Long
|
0-0: Ball 1-0: Swinging Strike 1-1: Foul Ball, location: 2F 1-2: Foul Ball, location: 2F 1-2: Ball 2-2: Strikes out looking
|
Top of the 6th over - 0 runs, 0 hits, 0 errors, 2 left on base; Burlington 3 - West Michigan 0 |
BOTTOM OF THE 6TH |
West Michigan Whitecaps batting - Pitching for Burlington Bees : RHP Dave Jackson
|
Batting: RHB Sergio Valbuena
|
0-0: Called Strike 0-1: SINGLE (Groundball, 6D, EV 97.5 MPH)
|
Batting: LHB Jeff Trapp
|
0-0: Called Strike 0-1: Ball 1-1: Called Strike 1-2: Ball 2-2: Strikes out swinging
|
Batting: RHB Aaron Cusick
|
0-0: Ball 1-0: Called Strike 1-1: Ball 2-1: Ball 3-1: Called Strike 3-2: Foul Ball, location: 2F 3-2: Foul Ball, location: 2F 3-2: Foul Ball, location: 2F 3-2: Strikes out swinging
|
Batting: RHB Dan Becvar
|
0-0: Ball 1-0: Called Strike 1-1: Foul Ball, location: 2F 1-2: Ground out 6-3 (Groundball, 6M, EV 83.8 MPH)
|
Bottom of the 6th over - 0 runs, 1 hit, 0 errors, 1 left on base; Burlington 3 - West Michigan 0 |
TOP OF THE 7TH |
Burlington Bees batting - Pitching for West Michigan Whitecaps : RHP Luke Totzke
|
Pitching: RHP Bobby Kosmicki
|
|
Batting: RHB Jonathan Ellis
|
0-0: Called Strike 0-1: Ground out 5-3 (Groundball, 56D, EV 101.9 MPH)
|
Batting: LHB Bill Kirtley
|
0-0: Ground out 5-3 (Groundball, 6, EV 77.5 MPH)
|
Batting: RHB Melvin Gomez
|
0-0: Ball 1-0: Ball 2-0: SINGLE (Line Drive, 9LS, EV 90.0 MPH)
|
Batting: LHB Rusty Ney
|
0-0: Ball 1-0: Ball 2-0: Fielders Choice at 2nd, U4 (Groundball, 4M, EV 100.6 MPH)
|
Top of the 7th over - 0 runs, 1 hit, 0 errors, 1 left on base; Burlington 3 - West Michigan 0 |
BOTTOM OF THE 7TH |
West Michigan Whitecaps batting - Pitching for Burlington Bees : RHP Dave Jackson
|
Batting: RHB Bill Cabrera
|
0-0: Ball 1-0: Ball 2-0: Called Strike 2-1: Ball 3-1: Called Strike 3-2: Strikes out looking
|
Batting: RHB Jon Pierce
|
0-0: Ball 1-0: Ball 2-0: Ball 3-0: Base on Balls
|
Batting: RHB Mike Patterson
|
0-0: Ball 1-0: Called Strike 1-1: Ball 2-1: Swinging Strike 2-2: Fly out, F6 (Line Drive, 6, EV 60.6 MPH)
|
Batting: RHB Jordan Hall
|
0-0: Ball 1-0: Foul Ball, location: 2F 1-1: Ball 2-1: Ball 3-1: Base on Balls Jon Pierce to second
|
Pitching: LHP Cody Bodenhamer
|
|
Batting: RHB Rocky Hart
|
0-0: Ball 1-0: Swinging Strike 1-1: Foul Ball, location: 2F 1-2: Fly out, F9 (Flyball, 9, EV 89.4 MPH)
|
Bottom of the 7th over - 0 runs, 0 hits, 0 errors, 2 left on base; Burlington 3 - West Michigan 0 |
TOP OF THE 8TH |
Burlington Bees batting - Pitching for West Michigan Whitecaps : RHP Bobby Kosmicki
|
Batting: RHB Adam Noyes
|
0-0: Called Strike 0-1: Ground out 4-3 (Groundball, 4M, EV 86.2 MPH)
|
Batting: RHB Ryuji Ito
|
0-0: Ball 1-0: Swinging Strike 1-1: Foul Ball, location: 2F 1-2: Foul Ball, location: 2F 1-2: Ball 2-2: Fly out, F7 (Flyball, 7S, EV 88.1 MPH)
|
Batting: SHB Tim Connell
|
0-0: Ball 1-0: Foul Ball, location: 2F 1-1: Ball 2-1: Ball 3-1: Base on Balls
|
Batting: RHB Jason Habeck
|
0-0: Ball 1-0: Swinging Strike 1-1: Ball 2-1: SINGLE (Groundball, 56, EV 100.0 MPH) Tim Connell to second
|
Batting: RHB Jeff Long
|
0-0: DOUBLE (Line Drive, 78XD, EV 102.5 MPH) Tim Connell scores Jason Habeck to third
|
Batting: RHB Jonathan Ellis
|
0-0: Fly out, F1 (Popup, 15, EV 80.6 MPH)
|
Top of the 8th over - 1 run, 2 hits, 0 errors, 2 left on base; Burlington 4 - West Michigan 0 |
BOTTOM OF THE 8TH |
West Michigan Whitecaps batting - Pitching for Burlington Bees : LHP Cody Bodenhamer
|
Batting: RHB Sergio Valbuena
|
0-0: Ball 1-0: Ball 2-0: Foul Ball, location: 2F 2-1: Foul Ball, location: 2F 2-2: Foul Ball, location: 2F 2-2: Strikes out swinging
|
Batting: LHB Jeff Trapp
|
0-0: Ball 1-0: Ball 2-0: Foul Ball, location: 2F 2-1: Ball 3-1: Base on Balls
|
Batting: RHB Aaron Cusick
|
0-0: Ball 1-0: Fielders Choice at 2nd, 6-4 (Groundball, 6, EV 84.4 MPH)
|
Batting: RHB Dan Becvar
|
0-0: Ball 1-0: Foul Ball, location: 2F 1-1: Called Strike 1-2: Ball 2-2: 2-RUN HOME RUN (Line Drive, 7D, EV 98.8 MPH), Distance : 373 ft
|
Batting: RHB Bill Cabrera
|
0-0: Swinging Strike 0-1: Ball 1-1: Called Strike 1-2: Strikes out looking
|
Bottom of the 8th over - 2 runs, 1 hit, 0 errors, 0 left on base; Burlington 4 - West Michigan 2 |
TOP OF THE 9TH |
Burlington Bees batting - Pitching for West Michigan Whitecaps : RHP Bobby Kosmicki
|
Pitching: RHP Matt Sturge
|
|
Batting: LHB Bill Kirtley
|
0-0: Ball 1-0: Fly out, F8 (Flyball, 8LM, EV 77.5 MPH)
|
Batting: RHB Melvin Gomez
|
0-0: Ball 1-0: Ball 2-0: Foul Ball, location: 2F 2-1: Foul Ball, location: 2F 2-2: SINGLE (Flyball, 8RS, EV 86.9 MPH)
|
Batting: LHB Rusty Ney
|
0-0: Ball Melvin Gomez is caught stealing 2nd base 2-6 1-0: Ball 2-0: Foul Ball, location: 2F 2-1: Ball 3-1: Base on Balls
|
Batting: RHB Adam Noyes
|
0-0: Called Strike 0-1: Ball 1-1: Foul Ball, location: 2F 1-2: Ball Rusty Ney steals 2nd base 2-2: Foul Ball, location: 2F 2-2: SINGLE (Groundball, 56, EV 97.5 MPH) Rusty Ney to third Runner from 3rd tries for Home, SAFE, throw by LF to home
|
Pitching: LHP Eddie Saucedo
|
|
Batting: RHB Ryuji Ito
|
0-0: Ball Adam Noyes is caught stealing 2nd base 2-4
|
Top of the 9th over - 1 run, 2 hits, 0 errors, 0 left on base; Burlington 5 - West Michigan 2 |
BOTTOM OF THE 9TH |
West Michigan Whitecaps batting - Pitching for Burlington Bees : LHP Cody Bodenhamer
|
Pitching: LHP Tyler Kenney
|
|
Now at 3B: Steve Hughey
|
|
Batting: RHB Jon Pierce
|
0-0: Ball 1-0: Ground out 5-3 (Groundball, 25, EV 83.8 MPH)
|
Batting: RHB Mike Patterson
|
0-0: Called Strike 0-1: Ball 1-1: Ball 2-1: Ground out 4-3 (Groundball, 4, EV 108.8 MPH)
|
Batting: RHB Jordan Hall
|
0-0: Called Strike 0-1: Ball 1-1: Swinging Strike 1-2: Ball 2-2: Strikes out swinging, 2-3 out at first.
|
Bottom of the 9th over - 0 runs, 0 hits, 0 errors, 0 left on base; Burlington 5 - West Michigan 2 |
|